 Dungeon Crawl Stone Soup version 0.23.2-30-g0e89c35649 (webtiles) character file.

Game seed: 17944600498568658491

385 Kairos the Sneak (level 6, 0/30 HPs)
             Began as a Vine Stalker Enchanter on June 11, 2019.
             Was a Priest of Uskayaw.
             Succumbed to a scorpion's poison
             ... on level 5 of the Dungeon.
             The game lasted 00:07:18 (2996 turns).

Kairos the Sneak (Vine Stalker Enchanter)           Turns: 2996, Time: 00:07:18

Health: 0/30       AC: 10    Str: 11    XL:     6   Next: 77%
Magic:  6/10       EV: 12    Int: 15    God:    Uskayaw [***...]
Gold:   138        SH:  0    Dex: 16    Spells: 8/9 levels left

rFire    . . .     SeeInvis .   s - +0 dagger (freeze)
rCold    + + .     Gourm    .   (no shield)
rNeg     . . .     Faith    .   k - +2 ring mail {rC+}
rPois    .         Spirit   +   m - +2 hat
rElec    .         Reflect  .   (no cloak)
rCorr    .         Harm     .   (no gloves)
MR       .....     Rnd*Tele +   h - +0 pair of boots
Stlth    ++........             (no amulet)
HPRegen  0.50/turn              n - ring of teleportation (curse)
MPRegen  0.12/turn              j - ring of protection from cold

@: lethally poisoned (0 -> -14)
A: fangs 2, regeneration 1, magic shield, antimagic bite, no potion heal 3, rot
immunity
a: Stomp, Line Pass, Renounce Religion


You were on level 5 of the Dungeon.
You worshipped Uskayaw.
Uskayaw was noncommittal.
You were not hungry.

You visited 1 branch of the dungeon, and saw 5 of its levels.

You collected 138 gold pieces.

Inventory:

Hand Weapons
 a - a +1 dagger
 s - a +0 dagger of freezing (weapon)
Missiles
 u - 2 curare-tipped needles
Armour
 b - a +0 robe
 h - a +0 pair of boots (worn)
 k - a +2 ring mail of cold resistance (worn)
 m - a +2 hat (worn)
Jewellery
 f - an uncursed ring of see invisible
 j - a ring of protection from cold (right hand)
 n - a cursed ring of teleportation (left hand)
Wands
 o - a wand of disintegration (14)
Scrolls
 c - 4 scrolls of identify
 e - 2 scrolls of magic mapping
 g - a scroll of fog
 i - 2 scrolls of enchant weapon
 l - a scroll of enchant armour
Potions
 p - a potion of agility
 r - a potion of mutation {unknown}
 t - a potion of heal wounds {unknown}
Comestibles
 d - 9 rations
 q - 3 chunks of flesh


   Skills:
 + Level 1.5 Fighting
 + Level 2.8 Short Blades
 + Level 1.1 Armour
 + Level 3.4 Dodging
 + Level 5.4 Stealth
 + Level 2.3 Spellcasting
 + Level 3.3 Hexes


You had 8 spell levels left.
You knew the following spells:

 Your Spells              Type           Power        Failure   Level  Hunger
a - Corona                Hex            ##.....      13%         1    #......

Your spell library contained the following spells:

 Spells                   Type           Power        Failure   Level  Hunger
 Ensorcelled Hibernation  Hex/Ice        #.....       36%         2    ###....
 Confuse                  Hex            ##......     36%         3    ###....
 Tukima's Dance           Hex            ##......     36%         3    ###....
 Dazzling Spray           Conj/Hex       #.....       61%         3    ###....


Dungeon Overview and Level Annotations

Branches:
Dungeon (5/15)             Temple (0/1) D:5

Altars:
Fedhas
Hepliaklqana
Makhleb
Nemelex Xobeh
Uskayaw
Wu Jian
Xom

Annotations:
D:3 1 runed translucent door, Terandir's ghost, amateur MiFi


Innate Abilities, Weirdness & Mutations

You have extremely sharp teeth.
Your natural rate of healing is unusually fast.
When hurt, damage is shared between your health and your magic reserves.
Your bite disrupts and absorbs the magic of your enemies.
Potions cannot restore your health.
You are immune to rotting.


Message History

* * * LOW HITPOINT WARNING * * *
You feel sick. The scorpion closely misses you.
You hit the scorpion. You freeze the scorpion. You bite the scorpion.
You drain its power.
You feel invigorated.
The scorpion is almost dead.
* * * LOW HITPOINT WARNING * * *
You feel sick. The scorpion stings you.
* * * LOW HITPOINT WARNING * * *
You are more poisoned.
The scorpion poisons you!
Your ring mail prevents you from hitting the scorpion.
Your bite misses the scorpion.
The scorpion is almost dead.
* * * LOW HITPOINT WARNING * * *
You feel sick.
The scorpion stings you but does no damage.
Unknown command.
You hit the scorpion but do no damage. Your bite misses the scorpion.
The scorpion is almost dead.
You die...

..###.......
...................#
#.....#............#
#..>..###..........#
#.....#............# .
..................# ###..
..###...##........####....
...#...## #.....###....#
...#..## ##..$@sc..#
.#...#†#####...###...#
#####.....##...# ##..#
#...........# #...###
#..........## #.....#
#...........# #.......#
##.....##...# #........#
########..## #.........#
#..# #..........#


You could see a centaur and a scorpion.

Vanquished Creatures
  A crimson imp (D:5)
  A howler monkey (D:5)
  An orc wizard (D:3)
  3 worker ants
  Natasha (thrice) (D:4)
  A hound skeleton (D:4)
  Robin (D:3)
  An adder (D:3)
  A worm (D:2)
  6 dart slugs
  2 leopard geckos
  7 orcs
  3 giant cockroaches
  14 goblins
  10 hobgoblins
  3 jackals (D:3)
  9 kobolds
  3 quokkas (D:3)
  A ball python (D:3)
  A ball python zombie (D:5)
  9 bats
  8 frilled lizards
  A leopard gecko skeleton (D:4)
  13 rats
103 creatures vanquished.

Notes
Turn   | Place    | Note
-------+----------+-------------------------------------------
     0 | D:1      | Kairos the Vine Stalker Enchanter began the quest for the
                  | Orb.
     0 | D:1      | Reached XP level 1. HP: 9/9 MP: 4/4
    88 | D:1      | Reached XP level 2. HP: 5/13 MP: 6/6
   327 | D:1      | Reached skill level 4 in Stealth
   607 | D:1      | Found a shimmering altar of Xom.
   611 | D:1      | Reached XP level 3. HP: 13/17 MP: 7/7
   618 | D:1      | Found a burning altar of Makhleb.
   618 | D:1      | Found an ornate altar of the Wu Jian Council.
   620 | D:1      | Found a shadowy altar of Dithmenos.
   620 | D:1      | Found a sparkling altar of Nemelex Xobeh.
   620 | D:1      | Found a shadowy altar of Dithmenos.
   693 | D:2      | Reached skill level 1 in Short Blades
  1202 | D:2      | Gained mutation: Your natural rate of healing is unusually
                  | fast. [Vine Stalker growth]
  1202 | D:2      | Reached XP level 4. HP: 21/21 MP: 8/8
  1588 | D:3      | Found a hide-covered altar of Uskayaw.
  1589 | D:3      | Found a shimmering altar of Xom.
  1591 | D:3      | Found a blossoming altar of Fedhas.
  1591 | D:3      | Found a hazy altar of Hepliaklqana.
  1592 | D:3      | Noticed Robin
  1593 | D:3      | Found a burning altar of Makhleb.
  1593 | D:3      | Found an ornate altar of the Wu Jian Council.
  1594 | D:3      | Found a sparkling altar of Nemelex Xobeh.
  1640 | D:3      | Killed Robin
  1650 | D:3      | Became a worshipper of Uskayaw the Reveler
  1660 | D:3      | Found a runed translucent door.
  1661 | D:3      | Noticed Terandir's ghost (amateur MiFi)
  1790 | D:3      | Reached * piety under Uskayaw
  1826 | D:3      | Reached skill level 5 in Stealth
  1826 | D:3      | Reached XP level 5. HP: 25/25 MP: 9/9
  2126 | D:3      | HP: 1/25 [orc wizard/magic dart (4)]
  2148 | D:3      | HP: 1/37 [orc/+0 flail (2)]
  2151 | D:3      | Reached skill level 1 in Fighting
  2151 | D:3      | Reached ** piety under Uskayaw
  2156 | D:3      | Reached *** piety under Uskayaw
  2565 | D:4      | Noticed Natasha
  2590 | D:4      | Killed Natasha
  2590 | D:4      | Reached XP level 6. HP: 19/30 MP: 2/10
  2692 | D:4      | Noticed Natasha
  2704 | D:4      | Killed Natasha
  2752 | D:4      | Noticed Natasha
  2768 | D:4      | Killed Natasha
  2851 | D:5      | Entered Level 5 of the Dungeon
  2904 | D:5      | Found a staircase to the Ecumenical Temple.
  2931 | D:5      | Reached skill level 1 in Armour
  2975 | D:5      | Reached **** piety under Uskayaw
  2995 | D:5      | HP: 1/30 [poisoned by a scorpion]
  2996 | D:5      | Succumbed to a scorpion's poison

Skill      XL: |  1  2  3  4  5  6 |
---------------+-------------------+-----
Stealth        | 4 5 |  5.4
Dodging        | 2 3 |  3.4
Short Blades   | 1 2 |  2.8
Fighting       | 1 |  1.5
Armour         | 1 |  1.1
Spellcasting   | |  2.3
Hexes          | |  3.3

Action                   |  1- 3 |  4- 6 || total
-------------------------+-------+-------++-------
Melee: Dagger            |   146 |   327 ||   473
       Bite              |    24 |    69 ||    93
  Use: Scroll            |     1 |     7 ||     8
       Potion            |       |     4 ||     4
 Stab: Sleeping          |    12 |     7 ||    19
       Paralysed         |       |     3 ||     3
  Eat: Chunk             |     1 |     6 ||     7
Armor: Robe              |    39 |    47 ||    86
       Skin              |       |    48 ||    48
       Ring mail         |       |    66 ||    66
Dodge: Dodged            |   111 |   189 ||   300
